 Dungeon Crawl Stone Soup version 0.23-a0-171-g5ae17c6 (webtiles) character file.

180 grindst0ne the Shield-Bearer (level 5, 0/37 HPs)
             Began as an Octopode Fighter on Sept 13, 2018.
             Slain by a gnoll
             ... wielding a +0 spear
              (3 damage)
             ... on level 3 of the Dungeon.
             The game lasted 00:04:27 (2759 turns).

grindst0ne the Shield-Bearer (Octopode Fighter)     Turns: 2759, Time: 00:04:28

Health: 0/37       AC:  1    Str: 16    XL:     5   Next: 60%
Magic:  5/5        EV: 12    Int: 11    God:
Gold:   109        SH: 12    Dex: 11    Spells: 4/4 levels left

rFire    . . .     SeeInvis +   a - +0 flail
rCold    . . .     Gourm    .   b - +0 shield
rNeg     . . .     Faith    .   (helmet restricted)
rPois    .         Spirit   .   q - +3 amulet of reflection
rElec    .         Reflect  +   g - ring of see invisible
rCorr    .         Harm     .   (no ring)
MR       .....                  (no ring)
Stlth    ++........             (no ring)
HPRegen  0.12/turn              (no ring)
MPRegen  0.09/turn              (no ring)
                                (no ring)
                                (no ring)

@: no status effects
A: almost no armour, stealthy swim, amphibious, 8 rings, constrict 8, camouflage
1, gelatinous body 1
a: no special abilities


You were on level 3 of the Dungeon.
You were not hungry.

You visited 1 branch of the dungeon, and saw 3 of its levels.

You collected 109 gold pieces.

Inventory:

Hand Weapons
 a - a +0 flail (weapon)
 t - a +3 blowgun
Missiles
 o - 6 tomahawks (quivered)
 u - 13 poisoned needles
Armour
 b - a +0 shield (worn)
Jewellery
 g - a ring of see invisible (left tentacle)
 q - a +3 amulet of reflection (around mantle)
Scrolls
 e - a scroll of magic mapping
 h - a scroll of identify
 j - a scroll of remove curse {unknown}
 k - a scroll of amnesia {unknown}
 p - a scroll of teleportation {unknown}
 s - a scroll of fog {unknown}
Potions
 c - a potion of might
 f - a potion of cancellation
 i - 2 potions of ambrosia
 m - 2 potions of heal wounds
 n - a potion of brilliance
Comestibles
 d - 5 rations
 r - 3 chunks of flesh


   Skills:
 + Level 3.9 Fighting
 + Level 3.2 Maces & Flails
 - Level 3.0 Dodging
 * Level 4.8 Shields


You had 4 spell levels left.
You didn't know any spells.
Your spell library was empty.

Dungeon Overview and Level Annotations

Branches:
Dungeon (3/15)

Altars:
Fedhas
Vehumet
The Shining One

Annotations:
D:3 1 runed door


Innate Abilities, Weirdness & Mutations

You cannot wear most types of armour.
You are very stealthy in the water. (Stealth+)
You are amphibious.
You can wear up to eight rings at the same time.
You can use your tentacles to constrict eight enemies at once.
Your skin changes colour to match your surroundings (Stealth+).
Your rubbery body absorbs attacks. (AC +1, EV +1)


Message History

The gnoll is moderately wounded.
You constrict the gnoll. You block the gnoll's attack.
You hit the gnoll. You squeeze the gnoll.
You kill the gnoll!
You block the gnoll's attack.
You hit the gnoll. Your grab misses the gnoll. You squeeze the gnoll.
The gnoll is heavily wounded.
The gnoll closely misses you. The gnoll hits you with a flail.
You thump the gnoll!
You kill the gnoll!
You block the gnoll's attack.
The gnoll hits you from afar with a spear.
The gnoll hits you with a spear!
* * * LOW HITPOINT WARNING * * *
Things that are here:
a flail; a halberd; a gnoll corpse You hit the gnoll.
Your grab misses the gnoll.
The gnoll is moderately wounded.
The gnoll hits you with a spear.
You die...

..####.>.........##.#.#.....#...#
..⌠# #(...##.###.#.........##.###
..####....##.# #.##.#.#######.###
..##8#....##.# #....#..........÷#
..........##.# #######..!.....#.#
..........##.# #.. #........#.#
.............# #.# #........#.#
8###8#.......# #g# ##+#...#.#))
######.......# #@# #.###.###
#...........# #)# #.# #.#
#...........###.# #.# #.#
#...............# ... .#
#..........###### + ##
#..........# #..........#
############ ###########


You could see a gnoll.

Vanquished Creatures
  An orc priest (D:3)
  3 gnolls (D:3)
  3 adders
  2 dart slugs
  3 leopard geckos
  7 orcs (D:3)
  2 ball pythons
  5 giant cockroaches
  6 goblins
  13 hobgoblins
  11 jackals
  A quokka (D:3)
  6 bats
  2 frilled lizards (D:3)
  7 kobolds
  7 rats
79 creatures vanquished.

Notes
Turn   | Place    | Note
-------+----------+-------------------------------------------
     0 | D:1      | grindst0ne the Octopode Fighter began the quest for the
                  | Orb.
     0 | D:1      | Reached XP level 1. HP: 16/16 MP: 1/1
   190 | D:1      | Reached XP level 2. HP: 21/21 MP: 2/2
   290 | D:1      | Reached XP level 3. HP: 17/26 MP: 3/3
   825 | D:2      | Found a radiant altar of Vehumet.
  1133 | D:2      | Reached skill level 4 in Shields
  1133 | D:2      | Reached XP level 4. HP: 24/31 MP: 4/4
  1582 | D:3      | Found a blossoming altar of Fedhas.
  2221 | D:3      | Found a runed door.
  2332 | D:3      | Found a glowing golden altar of the Shining One.
  2540 | D:3      | Reached XP level 5. HP: 26/37 MP: 5/5
  2759 | D:3      | Slain by a gnoll

Vault maps used:
D:1:      lemuel_arrival_cross
D:2:      nicolae_overflow_crystal_walls
D:3:      nicolae_tso_swordbearing_angel, serial_corexii_hall,
          corexii_hall_statues_u, corexii_hall_statues_i, fedhas_altar_2,
          uniq_crazy_yiuf_cottage

Skill      XL: |  1  2  3  4 |
---------------+-------------+-----
Shields        | 4 |  4.8
Maces & Flails | 3 |  3.2
Fighting       | |  3.9
Dodging        | |  3.0

Action                   |  1- 3 |  4- 6 || total
-------------------------+-------+-------++-------
Melee: Flail             |    69 |    72 ||   141
       Constrict         |    23 |    18 ||    41
       Tentacles         |    10 |    15 ||    25
Throw: Tomahawk          |       |     3 ||     3
  Use: Scroll            |       |     6 ||     6
       Potion            |       |     1 ||     1
 Stab: Sleeping          |     6 |     1 ||     7
  Eat: Chunk             |     1 |     5 ||     6
Armor: Skin              |     6 |     4 ||    10
Dodge: Dodged            |    34 |    32 ||    66
Block: Shield            |    31 |    38 ||    69

Table legend:
 A = Non-vault XP
 B = Vault XP
 C = Vault XP percentage of total XP
 D = Non-vault monster count
 E = Vault monster count
 F = Vault count percentage of total count
                 A         B        C        D         E       F
            +---------+---------+-------+---------+---------+-------
      Total |     258 |       0 |   0.0 |      79 |       0 |   0.0
            +---------+---------+-------+---------+---------+-------
        D:1 |      50 |       0 |   0.0 |      29 |       0 |   0.0
        D:2 |      47 |       0 |   0.0 |      13 |       0 |   0.0
        D:3 |     161 |       0 |   0.0 |      37 |       0 |   0.0
            +---------+---------+-------+---------+---------+-------
